 Dungeon Crawl Stone Soup version 0.22-a0-601-gb0ed703 (webtiles) character file.

39 Goblin1989 the Ducker (level 3, -1/17 HPs)
             Began as a Felid Chaos Knight on July 6, 2018.
             Slain by a gnoll
             ... wielding a +0 spear
              (4 damage)
             ... on level 3 of the Dungeon.
             The game lasted 00:04:08 (2642 turns).

Goblin1989 the Ducker (Felid Chaos Knight)          Turns: 2642, Time: 00:04:10

Health: -1/17      AC:  1    Str:  8    XL:     3   Next: 28%
Magic:  4/4        EV: 19    Int: 13    God:    Xom [...*..]
Gold:   114        SH:  0    Dex: 16    Spells: 2/2 levels left
                                        Lives:  0   Deaths: 0

rFire    . . .     SeeInvis +     - Unarmed
rCold    . . .     Gourm    .   (shield unavailable)
rNeg     . . .     Faith    .   (armour unavailable)
rPois    +         Spirit   .   (helmet unavailable)
rElec    .         Reflect  .   (cloak unavailable)
rCorr    .         Harm     .   (gloves unavailable)
MR       .....                  (boots unavailable)
Stlth    ++........             (no amulet)
HPRegen  0.05/turn              o - ring of poison resistance
MPRegen  0.09/turn              (no ring)

@: liquefying, slowed movement, slow
A: very small, no armour, no weapons or thrown items, stealth, claws 1, fangs 3,
see invisible, carnivore, speed 1, shaggy fur 1, slow metabolism 1, sharp paws
a: Renounce Religion


You were on level 3 of the Dungeon.
You worshipped Xom.
You were a favourite toy of Xom.
You were very full.

You visited 1 branch of the dungeon, and saw 3 of its levels.

You collected 114 gold pieces.

Inventory:

Jewellery
 o - a ring of poison resistance (left paw)
Scrolls
 f - 4 scrolls of teleportation {unknown}
 g - a scroll of noise {unknown}
 h - a scroll of identify {unknown}
 m - a scroll of remove curse {unknown}
 p - a scroll of fear {unknown}
 q - a scroll of amnesia {unknown}
 r - a scroll of magic mapping {unknown}
 s - a scroll of enchant weapon {unknown}
Potions
 i - a potion of brilliance {unknown}
 j - a potion of ambrosia {unknown}
 k - a potion of haste {unknown}
 l - a potion of berserk rage {unknown}
 n - a potion of cancellation {unknown}
 t - a potion of heal wounds {unknown}
Comestibles
 e - 5 rations


   Skills:
 + Level 3.3 Fighting
 + Level 3.7 Dodging
 + Level 1.6 Stealth
 * Level 3.6 Unarmed Combat


You had 2 spell levels left.
You didn't know any spells.
Your spell library was empty.

Dungeon Overview and Level Annotations

Branches:
Dungeon (3/15)

Altars:
Makhleb
Qazlal
Trog
Xom


Innate Abilities, Weirdness & Mutations

You cannot wear armour.
You are incapable of wielding weapons or throwing items.
Your paws allow you to move quietly. (Stealth)
You have sharp claws.
You have razor-sharp teeth.
You have supernaturally acute eyesight. (SInv)
You are carnivorous and can eat meat at any time.
You cover ground quickly.
You are covered in fur. (AC +1)
You have a slow metabolism.
Your sharp claws are effective at attacking unaware monsters.


Message History

You are now a favourite toy of Xom.
You see here a dagger.
There is an escape hatch in the floor here.
Found a bloodstained altar of Trog.
Done exploring.
(D) Dungeon
Where to? (Enter - D:2, ? - help)
There is an open door here.
There is a stone staircase leading down here.
You climb downwards.
There is a stone staircase leading up here.
Unknown command.
You now have 114 gold pieces (gained 9).
A rat comes into view.
You scratch the rat.
You kill the rat!
No target in view!
No target in view!
No target in view!
No target in view!
No target in view!
No target in view!
No target in view!
No target in view!
No target in view!
No target in view!
No target in view!
No target in view!
No target in view!
No target in view!
No target in view!
No target in view!
No target in view!
No target in view!
No target in view!
No target in view!
Key pressed, stopping explore. 3 gnolls come into view.
Xom's power flows through you!
The ground around you becomes liquefied!
The gnoll shouts! x2
The gnoll closely misses you.
You scratch the gnoll.
The gnoll is lightly wounded.
Your unstable footing causes you to fumble your attack.
You scratch the gnoll.
The gnoll is moderately wounded.
Your unstable footing causes you to fumble your attack.
The gnoll completely misses you.
You closely miss the gnoll.
The gnoll is moderately wounded.
The gnoll closely misses you.
You barely miss the gnoll.
The gnoll is moderately wounded.
The gnoll becomes momentarily stuck in the liquid earth.
Your unstable footing causes you to fumble your attack.
The gnoll completely misses you.
You scratch the gnoll.
The gnoll is heavily wounded.
The gnoll hits you.
* * * LOW HITPOINT WARNING * * *
You take 5 damage, and have 12/17 hp.
MASSIVE DAMAGE!!
You closely miss the gnoll.
The gnoll is heavily wounded.
The gnoll closely misses you.
You scratch the gnoll.
You kill the gnoll!
Your unstable footing causes you to fumble your attack.
The gnoll misses you. The gnoll hits you.
* * * LOW HITPOINT WARNING * * *
You are too injured to fight recklessly!
You take 4 damage, and have 9/17 hp.
MASSIVE DAMAGE!!
You are too injured to fight recklessly!
You are too injured to fight recklessly!
You are too injured to fight recklessly!
You are too injured to fight recklessly!
You are too injured to fight recklessly!
You are too injured to fight recklessly!
You are too injured to fight recklessly!
You are too injured to fight recklessly!
You are too injured to fight recklessly!
You barely miss the gnoll.
The gnoll is lightly wounded.
The gnoll becomes momentarily stuck in the liquid earth.
You claw the gnoll!
The gnoll is severely wounded.
The gnoll hits you from afar with a spear.
* * * LOW HITPOINT WARNING * * *
You take 6 damage, and have 3/17 hp.
MASSIVE DAMAGE!!
You scratch the gnoll. Your claw misses the gnoll. Your bite misses the gnoll.
The gnoll is severely wounded.
The gnoll misses you. The gnoll barely misses you.
You barely miss the gnoll.
The gnoll is severely wounded.
The gnoll barely misses you. The gnoll closely misses you.
You barely miss the gnoll.
The gnoll is severely wounded.
The gnoll closely misses you.
The gnoll hits you from afar with a spear.
You die...

█. █.█ █. █.█ ██.██ █.█
██...█████████.█
██████████..............█
......†g.██...███████████
████████.███[█.█
█g████.██ █.g@...█


████████ You could see 2 gnolls.

Vanquished Creatures
  A gnoll (D:3)
  An ooze (D:1)
  2 dart slugs (D:2)
  A leopard gecko (D:1)
  A giant cockroach (D:1)
  A goblin (D:1)
  A hobgoblin (D:1)
  2 jackals (D:1)
  3 kobolds
  2 bats (D:1)
  4 frilled lizards
  3 rats
22 creatures vanquished.

Notes
Turn   | Place    | Note
-------+----------+-------------------------------------------
     0 | D:1      | Goblin1989 the Felid Chaos Knight began the quest for the Orb.
     0 | D:1      | Reached XP level 1. HP: 10/10 MP: 2/2
   328 | D:1      | XOM is BORED!
   328 | D:1      | XOM: noise
   563 | D:1      | Reached XP level 2. HP: 12/14 MP: 3/3
   565 | D:1      | Reached skill level 1 in Stealth
   688 | D:1      | XOM: scenery: create altars
   921 | D:1      | XOM is BORED!
   921 | D:1      | XOM: medium Air miscast
   921 | D:1      | XOM: smoke on damage
   963 | D:1      | XOM: noise
  1700 | D:2      | Found a stormy altar of Qazlal.
  1700 | D:2      | Noticed an air elemental
  1716 | D:2      | Noticed a water elemental
  1718 | D:2      | Noticed an earth elemental
  1718 | D:2      | Noticed a fire elemental
  1847 | D:2      | Found a burning altar of Makhleb.
  2365 | D:2      | Reached XP level 3. HP: 17/17 MP: 4/4
  2505 | D:2      | Found a bloodstained altar of Trog.
  2622 | D:3      | XOM: cast spell 'Leda's Liquefaction'
  2642 | D:3      | Slain by a gnoll

Vault maps used:
D:1:      lightli_arrival_statue_moat
D:2:      mumra_celtic_spiral_tile, nicolae_overflow_hidden_temple,
          bloody_makhleb, nicolae_qazlal_style_of_elements, first_ration,
          kennysheep_boxes
D:3:      chequers_ecumenical_altar_lobes

Skill      XL: |  1  2 |
---------------+-------+-----
Stealth        | 1 |  1.6
Fighting       | |  3.3
Dodging        | |  3.7
Unarmed Combat | |  3.6

Action                   || total
-------------------------++-------
Melee: Unarmed           ||    71
       Bite              ||     3
       Punch             ||     1
 Stab: Sleeping          ||     6
  Eat: Chunk             ||     9
Armor: Skin              ||     5
Dodge: Dodged            ||    63

Table legend:
 A = Spawn XP
 B = Non-spawn XP
 C = Spawn XP percentage of total XP
 D = Spawn monster count
 E = Non-spawn monster count
 F = Spawn count percentage of total count
 G = Total turns spent on level
                    A         B        C        D         E        F      G
               +---------+---------+-------+---------+---------+-------+---------
         Total |       0 |      57 |   0.0 |       0 |      22 |   0.0 |  2642
               +---------+---------+-------+---------+---------+-------+---------
           D:1 |       0 |      29 |   0.0 |       0 |      13 |   0.0 |  1574
           D:2 |       0 |      13 |   0.0 |       0 |       7 |   0.0 |   987
           D:3 |       0 |      15 |   0.0 |       0 |       2 |   0.0 |    81
               +---------+---------+-------+---------+---------+-------+---------

Vault maps used:
D:1:      lightli_arrival_statue_moat
D:2:      mumra_celtic_spiral_tile, nicolae_overflow_hidden_temple,
          bloody_makhleb, nicolae_qazlal_style_of_elements, first_ration,
          kennysheep_boxes
D:3:      chequers_ecumenical_altar_lobes
